 Dungeon Crawl Stone Soup version 0.22.0-13-g43fe8f2 (webtiles) character file.

2131 HaroldButt the Arsonist (level 9, -8/45 HPs)
             Began as a Deep Elf Fire Elementalist on Aug 16, 2018.
             Was an Initiate of Vehumet.
             Killed from afar by Harold (12 damage)
             ... with a harpoon shot
             ... on level 7 of the Dungeon.
             The game lasted 00:41:34 (7535 turns).

HaroldButt the Arsonist (DEFE)                      Turns: 7535, Time: 00:41:35

Health: -8/45      AC:  5    Str:  8      XL:     9   Next: 9%
Magic:  0/23       EV: 12    Int: 21      God:    Vehumet [......]
Gold:   393        SH:  0    Dex: 12 (15) Spells: 9/24 levels left

rFire    . . .     SeeInvis .   p - +1 short sword (drain)
rCold    . . .     Gourm    .   (no shield)
rNeg     . . .     Faith    .   a - +1 robe
rPois    .         Spirit   .   (no helmet)
rElec    .         Reflect  .   (no cloak)
rCorr    .         Harm     .   r - +1 pair of gloves
MR       +....                  (no boots)
Stlth    ++........             m - amulet of rage
HPRegen  0.15/turn              (no ring)
MPRegen  0.18/turn              k - ring of protection from magic

@: marked
A: no striking features
a: Renounce Religion, Evoke Berserk Rage


You were on level 7 of the Dungeon.
You worshipped Vehumet.
Vehumet was noncommittal.
You were not hungry.

You visited 2 branches of the dungeon, and saw 9 of its levels.
You also visited: Sewer.

You collected 393 gold pieces.


   Skills:
 - Level 2.4 Dodging
 - Level 2.4 Stealth
 - Level 8.3 Spellcasting
 - Level 6.1 Conjurations
 + Level 10.1 Fire Magic


You had 9 spell levels left.
You knew the following spells:

 Your Spells              Type           Power        Failure   Level  Hunger
c - Sticky Flame          Conj/Fire      #####...     2%          4    ###....
v - Fireball              Conj/Fire      #####.....   8%          5    #####..
x - Throw Flame           Conj/Fire      #####.       1%          2    None
z - Flame Tongue          Conj/Fire      #####        1%          1    None
Z - Conjure Flame         Conj/Fire      #####...     1%          3    None

Your spell library contained the following spells:

 Spells                   Type           Power        Failure   Level  Hunger
 Lightning Bolt           Conj/Air       ###.......   52%         5    #####..
 Shock                    Conj/Air       ###.         2%          1    None
 Swiftness                Chrm/Air       #.......     12%         2    None
 Airstrike                Air            #.........   58%         4    ###....
 Static Discharge         Conj/Air       ###.....     7%          3    None
 Inner Flame              Hex/Fire       ####....     2%          3    None

Inventory:

Hand Weapons
 p - a +1 short sword of draining (weapon)
Armour
 a - a +1 robe (worn)
 n - a +0 troll leather armour {Purgy}
 q - a +0 buckler
 r - a +1 pair of gloves (worn)
Jewellery
 k - a ring of protection from magic (right hand)
 m - an amulet of rage (around neck)
Wands
 f - a wand of acid (9)
 u - a wand of flame (13)
Scrolls
 g - 2 scrolls of teleportation {@r4}
 i - a scroll of identify {@r1}
 j - 4 scrolls of remove curse
 s - a scroll of immolation {!r}
 v - a scroll of fog
Potions
 b - a potion of resistance
 d - 2 potions of agility
 e - 5 potions of curing {@q1}
 l - a potion of flight
 o - a potion of haste {@q3}
 t - 2 potions of brilliance
Comestibles
 c - 19 rations

Dungeon Overview and Level Annotations

Branches:
Dungeon (8/15)             Temple (1/1) D:7
   Lair: D:8-11

Altars:
Ashenzari
Cheibriados
Dithmenos
Elyvilon
Fedhas
Gozag
Hepliaklqana
Kikubaaqudgha
Makhleb
Nemelex Xobeh
Okawaru
Qazlal
Ru
Sif Muna
Trog
Uskayaw
Vehumet
Xom
Yredelemnul
Zin

Shops:
D:7 [

Annotations:
D:6 Eustachio
D:7 Harold

..▒.▒▒.............▒.......▒▒▒.▒▒
▒▒▒.▒▒+▒▒.............▒▒.........
▒▒▒.▒...▒.............▒▒.........
.▒▒.'...▒..........▒......▒...▒..
▒▒▒.▒...▒▒▒'▒▒▒....▒.▒.<.▒▒▒.▒▒▒.
....▒...▒.....▒..@.▒.▒.▒..▒...▒..
▒▒▒▒▒...▒.▒'▒.▒▒▒▒.▒.▒.▒...._....
▒...'.▒>▒.@.▒▒.▒...▒..▒...▒(.
▒...▒.▒▒▒.▒.e..▒▒▒.▒.▒▒▒.▒▒▒.
▒...▒.....▒▒▒▒▒▒ ▒.▒..▒...▒..
▒▒▒.▒▒▒+▒▒▒ ▒.▒......... ▒.....▒
▒.▒▒▒▒▒▒▒▒▒▒ ▒▒▒▒▒▒▒ ▒▒▒


You could see Harold.


Message History

The mark upon you grows brighter.
There is an open door here.
There is an open door here.
Cast which spell? (? or * to list)
Aiming: Throw Flame (safe; 1% risk of failure)
Press: ? - help, Shift-Dir - straight line, f/p - Harold
Aim: Harold, wielding a scimitar and wearing a scale mail (heavily wounded)
The puff of flame hits Harold.
Harold is severely wounded.
Harold points at you and mumbles some strange words.
The mark upon you grows brighter.
Cast which spell? (? or * to list)
Aiming: Throw Flame (safe; 1% risk of failure)
Press: ? - help, Shift-Dir - straight line, f/p - Harold
Aim: Harold, wielding a scimitar and wearing a scale mail (severely wounded)
The puff of flame misses Harold.
Cast which spell? (? or * to list)
Aiming: Flame Tongue (safe; 1% risk of failure)
Press: ? - help, Shift-Dir - straight line, f/p - Harold
Aim: Harold, wielding a scimitar and wearing a scale mail (severely wounded)
The flame tongue hits Harold.
Harold is severely wounded.
Harold gestures at you while chanting. The harpoon shot hits you!
* * * LOW HITPOINT WARNING * * *
You are yanked forward by the harpoon shot.
Harold says, "I was hoping my final job would be more of a challenge, but money is money."
Harold gestures at you while chanting. The harpoon shot hits you!
You die...

Action                   |  1- 3 |  4- 6 |  7- 9 || total
-------------------------+-------+-------+-------++-------
Melee: Dagger            |     3 |       |       ||     3
       Short sword       |     5 |    60 |    77 ||   142
 Cast: Flame Tongue      |    61 |    91 |   140 ||   292
       Throw Flame       |       |     6 |     4 ||    10
       Sticky Flame      |       |     2 |    10 ||    12
       Fireball          |       |       |     5 ||     5
Evoke: Wand              |       |       |     2 ||     2
  Use: Scroll            |       |    16 |     4 ||    20
       Potion            |       |     1 |     6 ||     7
 Stab: Sleeping          |     2 |     6 |     1 ||     9
  Eat: Chunk             |     2 |     6 |     6 ||    14
       Ration            |       |     1 |     2 ||     3
Armor: Robe              |     5 |    21 |    34 ||    60
       Skin              |       |     7 |    31 ||    38
Dodge: Dodged            |    22 |    74 |    82 ||   178

Vault maps used:
D:1:      matt_arrival_los_fun
D:3:      first_ration, portal_sewer_entry_e
D:5:      nicolae_dithmenos_shadow_blocks
D:6:      lemuel_crystal_altar, minivault_5, uniq_eustachio, uniq_blork_the_orc
D:7:      gammafunk_steamed_eel, overflow_temple_1_default, vehumet_crystals,
          minmay_temple_entry_glassed_door, serial_shops, kennysheep_mini,
          trog_eyes_of_draining
D:8:      gammafunk_temple_overflow_statue, minmay_lair_entry_grove,
          grunt_ogre_cave, uniq_harold, uniq_grum
Temple:   eino_temple_rhombus
Sewer:    sewer_big_baddie

Notes
Turn   | Place    | Note
-------+----------+-------------------------------------------
     0 | D:1      | HaroldButt the Deep Elf Fire Elementalist began the quest for the Orb.
     0 | D:1      | Reached XP level 1. HP: 10/10 MP: 6/6
   345 | D:1      | Reached XP level 2. HP: 15/15 MP: 6/8
   399 | D:1      | Reached skill level 4 in Fire Magic
   862 | D:1      | Reached XP level 3. HP: 15/19 MP: 0/9
  1145 | D:2      | Reached skill level 5 in Fire Magic
  1561 | D:2      | Reached XP level 4. HP: 22/24 MP: 10/10
  1650 | D:2      | Learned a level 2 spell: Throw Flame
  1654 | D:2      | Learned a level 3 spell: Conjure Flame
  1899 | D:2      | You fall through a shaft!
  1900 | D:3      | Identified a potion of resistance
  1908 | D:3      | Reached skill level 6 in Fire Magic
  2002 | D:3      | Found a glowing drain.
  2008 | Sewer    | Entered a sewer
  2134 | Sewer    | Reached XP level 5. HP: 28/28 MP: 9/11
  2174 | Sewer    | Noticed Purgy
  2192 | Sewer    | Killed Purgy
  2192 | Sewer    | Reached skill level 3 in Conjurations
  2445 | D:3      | Reached skill level 4 in Conjurations
  2448 | D:3      | Reached XP level 6. HP: 26/32 MP: 6/12
  3400 | D:4      | You fall through a shaft for 2 floors!
  3437 | D:6      | Noticed Eustachio
  3457 | D:5      | Entered Level 5 of the Dungeon
  3821 | D:4      | Learned a level 4 spell: Sticky Flame
  3850 | D:4      | Reached skill level 5 in Conjurations
  4447 | D:5      | Reached skill level 6 in Conjurations
  4479 | D:5      | Reached XP level 7. HP: 36/36 MP: 8/14
  4536 | D:5      | Found a shadowy altar of Dithmenos.
  4588 | D:5      | Reached skill level 4 in Spellcasting
  4622 | D:5      | Reached skill level 5 in Spellcasting
  4703 | D:5      | Found the +10 large shield of Ignorance {rN+ Int-4}
  4988 | D:6      | Found a burning altar of Makhleb.
  4995 | D:6      | Reached skill level 6 in Spellcasting
  5047 | D:6      | Reached skill level 7 in Spellcasting
  5622 | D:5      | Learned a level 5 spell: Fireball
  5644 | D:6      | Reached skill level 8 in Spellcasting
  5644 | D:6      | Reached XP level 8. HP: 41/41 MP: 18/22
  5771 | D:6      | Noticed Blork the orc
  5778 | D:6      | Killed Blork the orc
  6198 | D:7      | Reached skill level 7 in Fire Magic
  6244 | D:7      | Found a transporter.
  6410 | D:7      | Found a transporter.
  6433 | D:7      | Reached skill level 8 in Fire Magic
  6648 | D:7      | Found a staircase to the Ecumenical Temple.
  6652 | Temple   | Entered the Ecumenical Temple
  6828 | D:7      | Found a radiant altar of Vehumet.
  6845 | D:7      | Became a worshipper of Vehumet
  7002 | D:7      | Found an opulent altar of Gozag.
  7082 | D:7      | Reached skill level 9 in Fire Magic
  7111 | D:7      | Found a bloodstained altar of Trog.
  7159 | D:7      | Reached XP level 9. HP: 45/45 MP: 1/23
  7222 | D:7      | Found Ciepliol's Armour Boutique.
  7234 | D:7      | Reached skill level 10 in Fire Magic
  7417 | D:8      | Noticed Harold
  7429 | D:8      | HP: 4/45 [Harold/scimitar (15)]
  7533 | D:7      | HP: 4/45 [Harold/harpoon shot (14)]
  7535 | D:7      | Killed from afar by Harold

Vanquished Creatures
  Purgy (Sewer)
  2 black bears
  An ice beast (D:7)
  A hornet zombie (D:7)
  2 eyes of draining (D:7)
  An orc warrior (D:6)
  2 phantoms
  2 ogres (D:7)
  A crocodile (D:7)
  Blork the orc (D:6)
  A bullfrog (D:7)
  A wyvern skeleton (D:6)
  A scorpion (D:5)
  2 electric eels (D:7)
  A howler monkey (D:7)
  A quasit (D:8)
  2 hounds
  2 orc wizards
  2 orc priests
  A jelly (D:5)
  An iguana (D:4)
  2 worker ants
  A hound skeleton (D:5)
  2 worker ant zombies (D:6)
  9 adders
  8 gnolls
  A shadow imp (D:5)
  2 adder skeletons
  An adder zombie (D:6)
  3 worms (D:3)
  A dart slug (D:2)
  4 leopard geckos
  17 orcs
  12 bats
  8 giant cockroaches
  8 hobgoblins
  15 jackals
  2 quokkas (D:7)
  3 ball pythons
  2 frilled lizards
  7 goblins
  5 kobolds
  A leopard gecko zombie (D:6)
  2 quokka skeletons
  A quokka zombie (D:6)
  9 rats
155 creatures vanquished.
